 Dungeon Crawl Stone Soup version 0.26.0-10-g1f06aea511 (webtiles) character file.

Game seed: 322885951654872222

305 dohliylev the Shield-Bearer (level 6, -2/38 HPs)
             Began as a Gargoyle Fighter on Jan 16, 2021.
             Killed by divine providence
             ... invoked by an orc priest
              (14 damage)
             ... on level 4 of the Dungeon.
             The game lasted 00:07:31 (3205 turns).

dohliylev the Shield-Bearer (Gargoyle Fighter)      Turns: 3205, Time: 00:07:32

Health: -2/38      AC: 15    Str: 21    XL:     6   Next: 39%
Magic:  6/6        EV:  6    Int:  9    God:
Gold:   170        SH:  9    Dex:  9    Spells: 5/5 levels left

rFire    . . .     SeeInvis +   b - +0 morningstar
rCold    . . .     Faith    .   c - +0 kite shield
rNeg     + . .     Spirit   .   v - +0 chain mail
rPois    ∞         Reflect  .   (no helmet)
rElec    +         Harm     .   r - +0 cloak
rCorr    .         Rampage  .   (no gloves)
Will     .....                  (no boots)
Stlth    ..........             (no amulet)
HPRegen  0.12/turn              (no ring)
MPRegen  0.10/turn              z - ring of see invisible

@: no status effects
A: negative energy resistance 1, electricity resistance, unbreathing,
petrification resistance, miasma immunity, AC +4
a: no special abilities


You were on level 4 of the Dungeon.
You visited 1 branch of the dungeon, and saw 4 of its levels.

You collected 170 gold pieces.

Inventory:

Hand Weapons
 b - a +0 morningstar (weapon)
Armour
 c - a +0 kite shield (worn)
 r - a +0 cloak (worn)
 v - a +0 chain mail (worn)
Jewellery
 z - a ring of see invisible (right hand)
Scrolls
 e - 4 scrolls of identify
 g - 4 scrolls of remove curse
 h - 2 scrolls of blinking {unknown}
 i - a scroll of enchant armour {unknown}
 l - a scroll of fear {unknown}
 p - 2 scrolls of teleportation {unknown}
 t - 2 scrolls of enchant weapon {unknown}
 u - a scroll of fog {unknown}
 w - 3 scrolls of magic mapping {unknown}
 x - a scroll of immolation {unknown}
 y - a scroll of amnesia {unknown}
Potions
 d - a potion of might
 f - a potion of brilliance {unknown}
 j - a potion of flight {unknown}
 k - 2 potions of heal wounds {unknown}
 m - 2 potions of curing {unknown}
 n - a potion of haste {unknown}
 o - a potion of invisibility {unknown}
 q - 2 potions of degeneration {unknown}
 s - a potion of resistance {unknown}


   Skills:
 + Level 4.2 Fighting
 + Level 4.3 Maces & Flails
 + Level 4.1 Armour
 + Level 1.3 Dodging
 + Level 4.5 Shields


You had 5 spell levels left.
You didn't know any spells.
Your spell library was empty.

Dungeon Overview and Level Annotations

Branches:
Dungeon (4/15)
 Temple: D:4-7

Altars:
Cheibriados
Dithmenos
Gozag
Hepliaklqana
Makhleb
Trog
Yredelemnul


Innate Abilities, Weirdness & Mutations

You are resistant to torment.
Your stone body is resilient. (AC +4)
You are immune to poison.
You resist negative energy. (rN+)
You are resistant to electric shocks. (rElec)
You can survive without breathing.
You are immune to petrification.
You are immune to miasma.


Message History

The orc priest shouts!
A phantom comes into view.
A frilled lizard comes into view.
You barely miss the orc. You block the orc's attack.
An orc comes into view.
The orc shouts!
You puncture the orc!
You kill the orc!
The orc priest looks encouraged for a moment.
Things that are here:
a +0 hand axe; a +0 leather armour; an orc corpse The phantom hits you.
The phantom blinks!
The orc priest invokes the aid of Beogh against you.
Beogh smites you!
The orc priest calls down the wrath of Beogh upon you.
Beogh smites you!
The phantom blinks!
The orc priest invokes the aid of Beogh against you.
Beogh smites you!
You die...

....#. ##........###..##.# ......
#.........##......###
......##.........###.......#
...........##....##....#..##
...........###.#.##..######
..........###.......##
..................)##### ###
..................)[#..## #.. #
#......>.....@...##)....# #.. ..
##.....l...o..#.....##..# #..
..#..........#.####...##..#####.
.......o......####.....###....
##.....o§............(###.....
...##...##.#.....................
......)....#.........##......###.
.##.##o##........#..#####.......#
o...#........#..# #...._...


You could see an orc priest, 2 orcs and a frilled lizard.

Vanquished Creatures
  An orc priest (D:4)
  An orc wizard (D:3)
  7 gnolls (D:3)
  6 adders
  2 oozes (D:2)
  3 dart slugs
  3 leopard geckos
  12 orcs
  7 giant cockroaches
  15 goblins
  9 hobgoblins
  2 quokkas (D:2)
  11 bats
  5 frilled lizards (D:1)
  7 kobolds
  A leopard gecko skeleton (D:4)
  8 rats
  A spectral orc (D:3)
101 creatures vanquished.

Notes
Turn   | Place    | Note
-------+----------+-------------------------------------------
     0 | D:1      | dohliylev the Gargoyle Fighter began the quest for the Orb.
     0 | D:1      | Reached XP level 1. HP: 14/14 MP: 1/1
    94 | D:1      | Reached XP level 2. HP: 15/19 MP: 2/2
   367 | D:1      | Reached XP level 3. HP: 21/24 MP: 3/3
   827 | D:2      | Found an opulent altar of Gozag.
   918 | D:2      | Reached XP level 4. HP: 29/29 MP: 4/4
  1195 | D:2      | Found a snail-covered altar of Cheibriados.
  1571 | D:3      | Reached XP level 5. HP: 9/33 MP: 5/5
  1860 | D:3      | Reached skill level 1 in Dodging
  2090 | D:3      | Found a faded altar of an unknown god.
  2138 | D:3      | Reached XP level 6. HP: 38/38 MP: 6/6
  2484 | D:3      | Found a basalt altar of Yredelemnul.
  2697 | D:3      | Found a burning altar of Makhleb.
  2921 | D:4      | Found a hazy altar of Hepliaklqana.
  2921 | D:4      | Found a bloodstained altar of Trog.
  2922 | D:4      | Found a shadowy altar of Dithmenos.
  3192 | D:4      | Noticed a phantom
  3205 | D:4      | Killed from afar by an orc priest

Illustrated notes

Levels and vault maps discovered:
D:1:      lemuel_arrival_room, layout_loops_ring, minmay_misc_feat_secret_circle
D:2:      layout_loops_ring, nicolae_gozag_cash_rules_everything_around_me,
          cheibriados_altar_2
D:3:      kennysheep_the_goblin_king, layout_loops_ring,
          yredelemnul_forgotten_temple_becter, lemuel_coloured_pillars_altar,
          chequers_ecumenical_altar_simple_redux, minmay_misc_feat_columns
D:4:      layout_cave_pools, chequers_temple_overflow_statue_of_worship,
          serial_shops, shop

Skill      XL: |  1  2  3  4  5 |
---------------+----------------+-----
Maces & Flails | 3 4 |  4.3
Shields        | 4 |  4.5
Fighting       | 4 |  4.2
Dodging        | 1 |  1.3
Armour         | 4 |  4.1

Action                   |  1- 3 |  4- 6 || total
-------------------------+-------+-------++-------
Melee: Flail             |   127 |   256 ||   383
       Morningstar       |       |     2 ||     2
  Use: Scroll            |       |     2 ||     2
Armor: Scale mail        |    45 |    45 ||    90
       Ring mail         |    30 |    46 ||    76
       Chain mail        |       |    37 ||    37
Dodge: Dodged            |    40 |    79 ||   119
Block: Kite shield       |    61 |   145 ||   206
